 Dungeon Crawl Stone Soup version 0.26-a0-284-g73c0fb6129 (webtiles) character file.

Game seed: 119832857493416570

29 MrRokkomies the Stinger (level 3, 21/21 HPs)
             Began as an Octopode Venom Mage on July 13, 2020.
             Was a Follower of Trog.
             Quit the game on level 2 of the Dungeon.
             The game lasted 00:02:28 (944 turns).

MrRokkomies the Stinger (Octopode Venom Mage)        Turns: 944, Time: 00:02:29

Health: 21/21      AC:  1    Str:  7    XL:     3   Next: 16%
Magic:  6/6        EV: 13    Int: 18    God:    Trog [*.....]
Gold:   64         SH:  0    Dex: 12    Spells: 3/6 levels left

rFire    . . .     SeeInvis .   b - +0 dagger (venom)
rCold    . . .     Faith    .   (no shield)
rNeg     . . .     Spirit   .   (helmet restricted)
rPois    .         Reflect  .   (no amulet)
rElec    .         Harm     .   (no ring)
rCorr    .                      (no ring)
MR       .....                  (no ring)
Stlth    +++.......             (no ring)
HPRegen  0.07/turn              (no ring)
MPRegen  0.10/turn              (no ring)
                                (no ring)
                                (no ring)

@: no status effects
A: almost no armour, stealthy swim, amphibious, 8 rings, constrict 8, camouflage
1, gelatinous body 1
a: Berserk, Renounce Religion


You were on level 2 of the Dungeon.
You worshipped Trog.
Trog was aware of your devotion.
You visited 1 branch of the dungeon, and saw 2 of its levels.

You collected 64 gold pieces.

Inventory:

Hand Weapons
 b - a +0 dagger of venom (weapon)
Scrolls
 a - a scroll of remove curse {unknown}
 d - a scroll of identify {unknown}
 f - a scroll of amnesia {unknown}
 g - a scroll of fear {unknown}
Potions
 c - 2 potions of stabbing {unknown}
 e - a potion of brilliance {unknown}


   Skills:
 + Level 2.3 Dodging
 + Level 3.1 Stealth
 - Level 2.0 Spellcasting
 - Level 1.8 Transmutations
 - Level 4.2 Poison Magic


You had 3 spell levels left.
You knew the following spells:

 Your Spells              Type           Power        Failure   Level
a - Sting                 Tmut/Pois      ##..         5%          1
b - Poisonous Vapours     Pois/Air       #.....       12%         2

Your spell library contained the following spells:

 Spells                   Type           Power        Failure   Level
 Ignite Poison            Fire/Tmut/Pois #.......     24%         3
 Mephitic Cloud           Conj/Pois/Air  #.......     30%         3
 Olgreb's Toxic Radiance  Pois           ###.....     32%         4


Dungeon Overview and Level Annotations

Branches:
Dungeon (2/15)

Altars:
Trog


Innate Abilities, Weirdness & Mutations

You cannot wear most types of armour.
You are very stealthy in the water. (Stealth+)
You are amphibious.
You can wear up to eight rings at the same time.
You can use your tentacles to constrict eight enemies at once.
Your skin changes colour to match your surroundings (Stealth+).
Your rubbery body absorbs attacks. (AC +1, EV +1)


Message History

Found a chain mail.
Found a spear.
Found a faded altar of an unknown god.
You see here a chain mail.
The helpless bat fails to defend itself.
You puncture the bat!
You kill the bat!
The helpless quokka fails to defend itself.
You puncture the quokka!
You kill the quokka!
No target in view!
Found a scroll labeled ZAEMNA YDIE.
Number of times to repeat, then command key: You must enter the number of times for the command to repeat.
Unknown command.
There is a faded altar of an unknown god here.
You cannot tell which god this altar belongs to.
Convert to them anyway?
Trog accepts your prayer! Trog welcomes you!
You can now go berserk at will.
Are you sure you want to abandon this character and quit the game? (Confirm with "yes".)

# #..#..#### #..#
#.##.......# #..#
#........#.# #..#
#.......#######..#
#.#.##...........#
#.#[.###########.#
#......# #.#
######†..7.)# #.#
........7@7.# #.#
######†..7..# #.#
..?...........#
##.#
######.######.#
#..# #.# # #.##
#.# #.# #.# #.#
#.. #.# #. #.#


There were no monsters in sight!

Vanquished Creatures
  A dart slug (D:1)
  A leopard gecko (D:1)
  A bat (D:2)
  3 giant cockroaches (D:1)
  3 goblins (D:1)
  3 hobgoblins (D:1)
  3 jackals (D:1)
  2 kobolds (D:1)
  A quokka (D:2)
  3 frilled lizards
  2 rats (D:1)
23 creatures vanquished.

Notes
Turn   | Place    | Note
-------+----------+-------------------------------------------
     0 | D:1      | MrRokkomies the Octopode Venom Mage began the quest for the
                  | Orb.
     0 | D:1      | Reached XP level 1. HP: 11/11 MP: 3/3
   110 | D:1      | Reached XP level 2. HP: 17/17 MP: 5/5
   114 | D:1      | Learned a level 2 spell: Poisonous Vapours
   357 | D:1      | Reached skill level 4 in Poison Magic
   570 | D:1      | Reached XP level 3. HP: 15/21 MP: 6/6
   934 | D:2      | Found a faded altar of an unknown god.
   943 | D:2      | Became a worshipper of Trog the Wrathful
   943 | D:2      | Reached * piety under Trog
   944 | D:2      | Quit the game

Illustrated notes

Levels and vault maps discovered:
D:1:      erik_arrival_blinker_ship, layout_loops_ring, chequers_garden
D:2:      layout_loops_ring, chequers_ecumenical_altar_simple

Skill      XL: |  1  2 |
---------------+-------+-----
Stealth        | 3 |  3.1
Poison Magic   | 4 |  4.2
Dodging        | |  2.3
Spellcasting   | |  2.0
Transmutations | |  1.8

Action                   || total
-------------------------++-------
Melee: Dagger            ||    39
       Tentacles         ||    10
       Constrict         ||     8
       Unarmed           ||     1
 Stab: Sleeping          ||     9
Armor: Skin              ||     1
Dodge: Dodged            ||    17

Table legend:
 A = Non-vault XP
 B = Vault XP
 C = Vault XP percentage of total XP
 D = Non-vault monster count
 E = Vault monster count
 F = Vault count percentage of total count
                 A         B        C        D         E       F
            +---------+---------+-------+---------+---------+-------
      Total |      42 |       0 |   0.0 |      23 |       0 |   0.0
            +---------+---------+-------+---------+---------+-------
        D:1 |      37 |       0 |   0.0 |      20 |       0 |   0.0
        D:2 |       5 |       0 |   0.0 |       3 |       0 |   0.0
            +---------+---------+-------+---------+---------+-------
